 Dungeon Crawl Stone Soup version 0.27.1 (webtiles) character file.

Game seed: 13227069755339214285

170 MajorAdolf the Magician (level 5, -1/42 HPs)
             Began as a Naga Wanderer on Sept 2, 2021.
             Slain by a kobold brigand (3 damage)
             ... in a sewer.
             The game lasted 00:06:39 (4017 turns).

MajorAdolf the Magician (Naga Wanderer)             Turns: 4017, Time: 00:06:40

Health: -1/42      AC:  2    Str: 15    XL:     5   Next: 50%
Magic:  0/10       EV:  9    Int: 13    God:
Gold:   45         SH:  0    Dex: 10    Spells: 10/11 levels left

rFire    . . .     SeeInvis +   a - +0 club
rCold    . . .     Faith    .   (no shield)
rNeg     . . .     Spirit   .   b - +0 robe
rPois    +         Reflect  .   (no helmet)
rElec    .         Harm     +   j - scarf {harm}
rCorr    .         Rampage  .   (no gloves)
Will     .....                  (no barding)
Stlth    ++........             s - amulet of regeneration
HPRegen  1.14/turn              (no ring)
MPRegen  0.12/turn              (no ring)

@: short of breath, very slow
A: AC +1, large, see invisible, deformed body, poison resistance, slowness 2,
spit poison 1, naga tail 1
a: Spit Poison


You were in a sewer.
You visited 1 branch of the dungeon, and saw 3 of its levels.
You also visited: Sewer.

You collected 45 gold pieces.

Inventory:

Hand Weapons
 a - a +0 club (weapon)
Missiles
 e - 20 sling bullets
Armour
 b - a +0 robe (worn)
 j - a scarf of harm (worn)
Jewellery
 s - an amulet of regeneration (around neck)
Scrolls
 i - a scroll of vulnerability
 k - a scroll of magic mapping
 l - 2 scrolls of teleportation {unknown}
 n - a scroll of amnesia {unknown}
 o - a scroll of identify {unknown}
 p - a scroll of blinking {unknown}
Potions
 d - 2 potions of attraction {unknown}
 f - a potion of curing {unknown}
 g - a potion of might {unknown}
 h - a potion of heal wounds {unknown}
 m - 2 potions of brilliance {unknown}
 q - a potion of resistance {unknown}
 r - a potion of degeneration {unknown}


   Skills:
 - Level 1.0 Throwing
 - Level 1.5 Stealth
 + Level 3.8 Spellcasting
 + Level 2.9 Conjurations
 - Level 2.0 Hexes
 - Level 1.0 Translocations
 - Level 1.0 Fire Magic
 + Level 3.1 Air Magic


You had 10 spell levels left.
You knew the following spells:

 Your Spells              Type           Power      Damage    Failure   Level
a - Shock                 Conj/Air       40%        1d5       6%          1

Your spell library contained the following spells:

 Spells                   Type           Power      Damage    Failure   Level
 Corona                   Hex            7%         N/A       10%         1
 Static Discharge         Conj/Air       10%        N/A       10%         2
 Apportation              Tloc           10%        N/A       14%         1
 Corpse Rot               Necr/Air       N/A        N/A       17%         2
 Swiftness                Air            10%        N/A       17%         3
 Animate Skeleton         Necr           4%         N/A       22%         1
 Summon Small Mammal      Summ           8%         N/A       22%         1
 Sublimation of Blood     Necr           1%         N/A       32%         2
 Airstrike                Air            5%         N/A       50%         4
 Call Canine Familiar     Summ           2%         N/A       54%         3


Dungeon Overview and Level Annotations

Branches:
Dungeon (3/15)              Sewer (1/1)

Altars:
Nemelex Xobeh

Shops:
D:1 **

Annotations:
D:3 Ijyb


Innate Abilities, Weirdness & Mutations

Your serpentine skin is tough. (AC +1)
You have supernaturally acute eyesight. (SInv)
Armour fits poorly on your strangely shaped body.
Your system is resistant to poisons. (rPois)
You cover ground very slowly.
You can spit poison.
You have a snake-like lower body.


Message History

You barely miss the kobold brigand.
The kobold brigand is severely wounded.
The kobold brigand hits you with a +0 dagger.
The kobold brigand hits you with a +0 dagger!
Casting: Shock (safe; 6% risk of failure)
Confirm with . or Enter, or press ? or * to list all spells.
Aiming: Shock (safe; 6% risk of failure)
Press: ? - help, Shift-Dir - straight line, f/p - kobold brigand
Aim: a kobold brigand, wielding a +0 dagger and quivering poisoned darts (severely wounded, 60% to hit)
The zap hits the kobold brigand.
The kobold brigand is almost dead.
The kobold brigand hits you with a +0 dagger.
You hit the kobold brigand but do no damage.
The kobold brigand is almost dead.
The kobold brigand hits you with a +0 dagger.
You barely miss the kobold brigand.
The kobold brigand is almost dead.
The kobold brigand hits you with a +0 dagger!
* * * LOW HITPOINT WARNING * * *
Press: ? - help, Shift-Dir - straight line, f/p - kobold brigand
Aim: a kobold brigand, wielding a +0 dagger and quivering poisoned darts (almost dead)
The splash of poison misses the kobold brigand.
The kobold brigand barely misses you.
Unknown command.
You barely miss the kobold brigand.
The kobold brigand is almost dead.
The kobold brigand hits you with a +0 dagger!
* * * LOW HITPOINT WARNING * * *
The kobold brigand hits you with a +0 dagger.
* * * LOW HITPOINT WARNING * * *
Unknown command.
Casting: Shock (safe; 6% risk of failure)
Confirm with . or Enter, or press ? or * to list all spells.
Aiming: Shock (safe; 6% risk of failure)
Press: ? - help, Shift-Dir - straight line, f/p - kobold brigand
Aim: a kobold brigand, wielding a +0 dagger and quivering poisoned darts (almost dead, 60% to hit)
The zap hits the kobold brigand.
The kobold brigand is almost dead.
The kobold brigand hits you with a +0 dagger.
You die...

... ..!
.). #≈#
#.# #.#
#K# ##@##
##.≈≈##
#≈.≈..####
#.....≈≈≈≈
#..≈.≈####
##.≈.##
##†## ≈#
#≈# #≈#
#≈# #≈#


You could see a kobold brigand.

Vanquished Creatures
  Jessica (D:2)
  2 gnolls
  6 adders
  2 worms
  A dart slug (D:2)
  8 endoplasms
  7 giant cockroaches
  2 goblins
  4 jackals
  7 quokkas
  2 ball pythons
  3 bats
  5 frilled lizards
  6 kobolds
  5 rats
61 creatures vanquished.

Notes
Turn   | Place    | Note
-------+----------+-------------------------------------------
     0 | D:1      | MajorAdolf the Naga Wanderer began the quest for the Orb.
     0 | D:1      | MajorAdolf set off with the following items: a +0 club, a
                  | +0 robe; and the following spells available to memorise:
                  | Shock, Summon Small Mammal, Corpse Rot, Static Discharge,
                  | Sublimation of Blood, Swiftness, Call Canine Familiar,
                  | Airstrike
     0 | D:1      | Reached XP level 1. HP: 15/15 MP: 4/4
     2 | D:1      | Learned a level 1 spell: Shock
   648 | D:1      | Found Hyiqiutola's General Store.
   701 | D:1      | Found Awubowki's General Store.
   722 | D:1      | Reached skill level 1 in Conjurations
   722 | D:1      | Reached XP level 2. HP: 22/22 MP: 4/6
  1261 | D:1      | Found a faded altar of an unknown god.
  1706 | D:2      | Reached XP level 3. HP: 23/28 MP: 2/7
  2573 | D:2      | Reached XP level 4. HP: 32/36 MP: 1/9
  2706 | D:2      | Noticed Jessica
  2716 | D:2      | Killed Jessica
  3147 | D:3      | Noticed Ijyb
  3192 | D:2      | Reached XP level 5. HP: 29/42 MP: 2/10
  3345 | D:3      | Found a sparkling altar of Nemelex Xobeh.
  3481 | D:3      | Found a glowing drain.
  3505 | Sewer    | Entered a sewer
  3993 | Sewer    | Noticed a kobold brigand
  4016 | Sewer    | HP: 1/42 [kobold brigand (6)]
  4017 | Sewer    | Slain by a kobold brigand

Illustrated notes

Levels and vault maps discovered:
D:1:      matt_arrival_refuge, layout_loops_ring,
          dreamdust_ecumenical_altar_statues, serial_shops, shop,
          nicolae_square_shop, supply_closet_lemuel
D:2:      layout_loops_ring, uniq_jessica
D:3:      layout_rooms, lemuel_doored_altar,
          mainiacjoe_overflow_six_doors_small, amcnicky_altar_gilded,
          mainiacjoe_overflow_small_starburst, mainiacjoe_overflow_alcove_2,
          gup_sewer_entry_pipe, minmay_misc_feat_doors,
          chequers_serial_rivers_micro_c, uniq_ijyb
Sewer:    sewer_co_15_rooms

Skill      XL: |  1  2  3  4  5 |
---------------+----------------+-----
Conjurations   | 1 2 |  2.9
Air Magic      | 2 3 |  3.1
Throwing       | |  1.0
Stealth        | |  1.5
Spellcasting   | |  3.8
Hexes          | |  2.0
Translocations | |  1.0
Fire Magic     | |  1.0

Action                   |  1- 3 |  4- 6 || total
-------------------------+-------+-------++-------
Melee: Club              |    15 |    25 ||    40
 Cast: Shock             |    75 |    79 ||   154
 Abil: Spit Poison       |     1 |    15 ||    16
  Use: Scroll            |       |     3 ||     3
Armor: Robe              |    10 |    18 ||    28
Dodge: Dodged            |    35 |    44 ||    79
